[Event "Early-Titled-Tuesday-Blitz-January-16-2024"]
[Site "Chess.com"]
[Date "2024.01.16"]
[Round "2"]
[White "cycygogne"]
[Black "NoHeThTo"]
[Result "0-1"]
[WhiteElo "2289"]
[BlackElo "2705"]
[TimeControl "180+1"]
[EndTime "8:17:32 PST"]
[Termination "NoHeThTo won by checkmate"]

1. Nf3 Nf6 2. b3 g6 3. Bb2 Bg7 4. e4 d6 5. d3 c5 6. Be2 Nc6 7. O-O O-O 8. Nbd2 Ne8 9. Bxg7 Nxg7 10. Re1 Rb8 11. Bf1 b5 12. g3 b4 13. Bg2 Bg4 14. Nf1 e5 15. Ne3 Bxf3 16. Qxf3 Ne6 17. Nd5 Kg7 18. Qe3 Nc7 19. f4 f6 20. a3 a5 21. axb4 axb4 22. Ra2 Nxd5 23. exd5 Nd4 24. Rea1 Rf7 25. Bh3 Re7 26. Qf2 f5 27. Bg2 exf4 28.
gxf4 Qf8 29. Kh1 Rbe8 30. h4 Qf6 31. Ra7 Rxa7 32. Rxa7+ Re7 33. Ra8 Re2 34. Qg3 Rxc2 35. h5 Ne2 36. Ra7+ Kh6 37. Qh3 Nxf4 38. Qg3 Nxh5 39. Qe3+ f4 40. Qe8 Qh4+ 41. Kg1 Qf2+ 42. Kh1 Qxg2# 0-1

[Event "Early-Titled-Tuesday-Blitz-January-16-2024"]
[Site "Chess.com"]
[Date "2024.01.16"]
[Round "2"]
[White "DDTerziev04"]
[Black "Ural_bogatyr"]
[Result "0-1"]
[WhiteElo "2160"]
[BlackElo "2566"]
[TimeControl "180+1"]
[EndTime "8:17:32 PST"]
[Termination "Ural_bogatyr won on time"]

1. e4 e5 2. Nf3 Nc6 3. Bc4 Bc5 4. O-O Nf6 5. d3 a6 6. Bb3 Ba7 7. Nbd2 O-O 8. h3 d5 9. exd5 Nxd5 10. Re1 Re8 11. Nc4 f6 12. Ne3 Be6 13. Nxd5 Bxd5 14. Bxd5+ Qxd5 15. Be3 Bxe3 16. Rxe3 Rad8 17. Nd2 h6 18.
Qg4 Nd4 19. Rg3 Re7 20. c3 f5 21. Qh5 f4 22. Rg6 Nc2 23. Ne4 Qf7 24. Rc1 Rxd3 25. Rxc2 Re6 26. Rxg7+ Kxg7 27. Qg4+ Rg6 28. Qe2 Rd8 29. Qf3 Qc4 30. Re2 Qd3 31. Qh5 f3 32. Re1 Rxg2+ 33. Kh1 Qxe4 0-1

[Event "Early-Titled-Tuesday-Blitz-January-16-2024"]
[Site "Chess.com"]
[Date "2024.01.16"]
[Round "2"]
[White "Predo63"]
[Black "Batcu"]
[Result "0-1"]
[WhiteElo "2490"]
[BlackElo "2256"]
[TimeControl "180+1"]
[EndTime "8:17:32 PST"]
[Termination "Batcu won by resignation"]

1. d4 Nf6 2. Bg5 e6 3. e3 c5 4. c3 b6 5. Be2 cxd4 6. exd4 Bb7 7. Bf3 Bxf3 8. Nxf3 d5 9. O-O Nbd7 10. Re1 Bd6 11.
Bh4 Qc7 12. Nbd2 O-O 13. Bg3 b5 14. a3 a5 15. Bxd6 Qxd6 16. b4 Rfc8 17. Re3 a4 18.
Ne5 Nb6 19. Qf3 Rc7 20. g4 Rac8 21. Rae1 Nc4 22. Ndxc4 dxc4 23. g5 Nd5 24. Re4 Rf8 25. Ng4 Qc6 26. Ne5 Qd6 27. Qh5 f6 28. Rh4 g6 29. Nxg6 hxg6 30. Qh8+ Kf7 31. Qh7+ Ke8 32. Qxg6+ Kd8 33. gxf6 Nxf6 34. Kh1 Rcf7 35. Qg2 Rg8 36.
Qa8+ Ke7 37. Qb7+ Kf8 38. Qc8+ Ne8 39. Qb7 Rxb7 0-1

[Event "Early-Titled-Tuesday-Blitz-January-16-2024"]
[Site "Chess.com"]
[Date "2024.01.16"]
[Round "2"]
[White "ScofieldMichael01"]
[Black "queen_iryna"]
[Result "1-0"]
[WhiteElo "2603"]
[BlackElo "2351"]
[TimeControl "180+1"]
[EndTime "8:17:33 PST"]
[Termination "ScofieldMichael01 won by resignation"]

1. e4 d6 2. d4 Nf6 3. Nc3 e5 4. Nge2 Nc6 5. Be3 Be7 6. f3 O-O 7. Qd2 exd4 8. Nxd4 Nxd4 9. Bxd4 a6 10. O-O-O b5 11.
g4 b4 12. Nd5 Nxd5 13. exd5 a5 14. Kb1 Ba6 15. Bxa6 Rxa6 16. h4 c5 17. dxc6 Rxc6 18. g5 Qc8 19. Qd3 Qa6 20. Qe4 Rc7 21. Rde1 Qc4 22. b3 Qa6 23. h5 Rfc8 24. g6 Qb7 25. gxf7+ Kxf7 26. Qe6+ Kf8 27. Rhg1 Bh4 28. Qxd6+ Kg8 29.
Qe6+ Rf7 30. Rxg7+ Kf8 31. Rxf7+ Qxf7 32. Qxc8+ 1-0

[Event "Early-Titled-Tuesday-Blitz-January-16-2024"]
[Site "Chess.com"]
[Date "2024.01.16"]
[Round "2"]
[White "ljuks68"]
[Black "LuisFSiles"]
[Result "0-1"]
[WhiteElo "2484"]
[BlackElo "2249"]
[TimeControl "180+1"]
[EndTime "8:17:33 PST"]
[Termination "LuisFSiles won by resignation"]

1. e4 c5 2. Nf3 Nc6 3. d4 cxd4 4.
Nxd4 Nf6 5. Nc3 e5 6. Ndb5 d6 7. Nd5 Nxd5 8. exd5 Nb8 9. a4 Be7 10. Be2 O-O 11. O-O f5 12. f4 Bf6 13. a5 Na6 14. Be3 Nc5 15. Rb1 a6 16. Na3 Ne4 17. Nc4 Bd7 18.
fxe5 dxe5 19. Nb6 Rb8 20. c4 Bg5 21. Bxg5 Nxg5 22. c5 Rf6 23. Qb3 Rg6 24. c6 bxc6 25. dxc6+ Be6 26. Bc4 Kh8 27. Bxe6 Nxe6 28. Qc4 Nf4 29. c7 Rxg2+ 30. Kh1 Rxh2+ 0-1

[Event "Early-Titled-Tuesday-Blitz-January-16-2024"]
[Site "Chess.com"]
[Date "2024.01.16"]
[Round "2"]
[White "AryanTari"]
[Black "tteshan"]
[Result "1-0"]
[WhiteElo "2918"]
[BlackElo "2601"]
[TimeControl "180+1"]
[EndTime "8:17:34 PST"]
[Termination "AryanTari won by resignation"]

1. a3 c5 2. b4 cxb4 3. axb4 Nf6 4. e3 e6 5. b5 Be7 6. Nf3 O-O 7. Bb2 d5 8. c4 dxc4 9. Bxc4 a6 10. O-O Nbd7 11. bxa6 bxa6 12. d4 Bb7 13. Nbd2 Nb6 14. Be2 a5 15.
Nb3 a4 16. Nc5 Bxc5 17. dxc5 Qxd1 18. Rfxd1 Nbd5 19. Ne5 Rfc8 20. Rdc1 Ba6 21. Bf3 Bb5 22. Ba3 Rab8 23. c6 h6 24. g4 Nc7 25. Nd7 Nxd7 26. cxd7 Bxd7 27. Bd6 Ne8 28. Bxb8 Rxb8 29. Bc6 Bxc6 30.
Rxc6 Rb4 31. h3 Nf6 32. Ra6 h5 33. R1xa4 Rb1+ 34. Kg2 hxg4 35. hxg4 g6 36. g5 Nd5 37. Ra8+ Kg7 38. Rh4 1-0

[Event "Early-Titled-Tuesday-Blitz-January-16-2024"]
[Site "Chess.com"]
[Date "2024.01.16"]
[Round "2"]
[White "Thjop"]
[Black "Bkmzzzzz"]
[Result "0-1"]
[WhiteElo "2650"]
[BlackElo "2394"]
[TimeControl "180+1"]
[EndTime "8:17:36 PST"]
[Termination "Bkmzzzzz won by resignation"]

1. d4 d5 2. Nf3 Nf6 3. g3 e6 4. Bg2 Be7 5. O-O O-O 6. c4 c5 7.
cxd5 Nxd5 8. dxc5 Bxc5 9. a3 Nc6 10. b4 Be7 11. e4 Nf6 12. e5 Nd5 13. Bb2 a6 14.
Nbd2 b5 15. Ne4 Bb7 16. Rc1 a5 17. Nc5 Bxc5 18. bxc5 b4 19. axb4 axb4 20. h4 Qe7 21. Ng5 h6 22. Ne4 Ba6 23. Re1 Rfd8 24. Qg4 Bd3 25.
Nf6+ Kh8 26. Nxd5 exd5 27. e6 f6 28. h5 Ra2 29. Ba1 b3 30. Bc3 d4 31. Bxc6 dxc3 32.
Rxc3 b2 33. Rb3 Ra1 34. Rxb2 Rxe1+ 35. Kg2 Qxe6 36. Bf3 Be4 37. Qf4 Bxf3+ 38. Qxf3 Qe4 39. c6 Qxf3+ 40. Kxf3 Rc1 0-1

[Event "Early-Titled-Tuesday-Blitz-January-16-2024"]
[Site "Chess.com"]
[Date "2024.01.16"]
[Round "2"]
[White "alekroth65"]
[Black "Mikasinski"]
[Result "0-1"]
[WhiteElo "2362"]
[BlackElo "2606"]
[TimeControl "180+1"]
[EndTime "8:17:36 PST"]
[Termination "Mikasinski won on time"]

1. d4 Nf6 2. c4 e6 3. Nf3 b6 4. g3 Bb7 5. Bg2 Be7 6. Nc3 d5 7.
Ne5 O-O 8. O-O Nbd7 9. Bf4 c5 10. cxd5 exd5 11. Qa4 cxd4 12. Qxd4 Nc5 13. Rfd1 Ne6 14.
Qa4 Nxf4 15. gxf4 Bc5 16. b4 Bd6 17. Nb5 Bb8 18. e3 Qe8 19. Nf3 Bc6 20. Nfd4 a6 21. Nxc6 Qxc6 22. Nc3 Qxc3 23. Rac1 Qb2 24. Rb1 Qe2 25.
Qc6 Ba7 26. Rbc1 b5 0-1

[Event "Early-Titled-Tuesday-Blitz-January-16-2024"]
[Site "Chess.com"]
[Date "2024.01.16"]
[Round "2"]
[White "ahkashefi2800"]
[Black "Zampronha1971"]
[Result "1/2-1/2"]
[WhiteElo "2549"]
[BlackElo "2335"]
[TimeControl "180+1"]
[EndTime "8:17:37 PST"]
[Termination "Game drawn by repetition"]

1. d4 Nf6 2. Nf3 e6 3. Bf4 c5 4.
e3 d5 5. c3 Nc6 6. Nbd2 Bd6 7. Bg3 Qe7 8. Bd3 O-O 9. Ne5 Nd7 10. f4 f6 11. Bxh7+ Kxh7 12. Qh5+ Kg8 13. Ng6 Qe8 14. O-O Ne7 15. Qh8+ Kf7 16. Nxf8 Qxf8 17. Qh5+ Kg8 18. f5 Bxg3 19. fxe6 Bd6 20. exd7 Bxd7 21. e4 cxd4 22. cxd4 Bb4 23. Nf3 dxe4 24.
Ng5 Qe8 25. Qh7+ Kf8 26. Rxf6+ gxf6 27. Qh6+ Kg8 28. Qh7+ Kf8 29. Qh6+ Kg8 30. Qh7+ Kf8 1/2-1/2

[Event "Early-Titled-Tuesday-Blitz-January-16-2024"]
[Site "Chess.com"]
[Date "2024.01.16"]
[Round "2"]
[White "giomar27"]
[Black "DreamsAreFake"]
[Result "0-1"]
[WhiteElo "2422"]
[BlackElo "2744"]
[TimeControl "180+1"]
[EndTime "8:17:38 PST"]
[Termination "DreamsAreFake won by resignation"]

1. d4 Nf6 2. Nc3 d5 3. Bf4 g6 4. e3 c6 5. h4 Bg7 6. Be2 h5 7. Nf3 O-O 8. Ne5 Bf5 9. O-O Nbd7 10. Qd2 Ne4 11. Nxe4 Bxe4 12. Nxd7 Qxd7 13. Bd3 Bxd3 14.
cxd3 Qg4 15. g3 c5 16. f3 Qh3 17. Qf2 cxd4 18. exd4 Rac8 19. Rac1 Rxc1 20. Rxc1 Rc8 21. Rxc8+ Qxc8 22. Be5 Qc1+ 23. Kg2 Bh6 24. f4 Qb1 25. Bb8 a6 26. a3 Qxd3 27. Ba7 e6 28. Bc5 Bg7 29.
Kh2 Qb3 30. Qe2 b6 31. Bd6 Bxd4 32. Be5 Qe3 33. Qxa6 Qg1+ 0-1

[Event "Early-Titled-Tuesday-Blitz-January-16-2024"]
[Site "Chess.com"]
[Date "2024.01.16"]
[Round "2"]
[White "KacperKacprzak"]
[Black "spotbet"]
[Result "1-0"]
[WhiteElo "2695"]
[BlackElo "2262"]
[TimeControl "180+1"]
[EndTime "8:17:38 PST"]
[Termination "KacperKacprzak won by resignation"]

1. e4 e6 2. d4 d5 3. Nc3 Bb4 4.
e5 Ne7 5. Qg4 Nf5 6. Bd3 h5 7. Qf4 Nh6 8. Nf3 c5 9. a3 Bxc3+ 10.
bxc3 c4 11. Be2 Bd7 12. a4 Qa5 13. Kd2 Nc6 14. Ba3 O-O-O 15. Rhb1 Nf5 16. h3 h4 17. Bb4 Qc7 18. a5 f6 19. Bd6 Nxd6 20. exd6 Qb8 21. Rb2 e5 22. dxe5 fxe5 23. Nxe5 Qxd6 24. Nd3 Qe7 25. Nb4 d4 26. Nxc6 dxc3+ 27. Kxc3 Bxc6 28. Bg4+ Bd7 29. Bf3 Qf6+ 30. Qxf6 gxf6 31. Rxb7 a6 32. Rab1 Bb5 33. R1xb5 axb5 34. a6 Rd6 35. a7 Ra6 36. Rb8+ Kc7 37. Rxh8 Rxa7 38. Rh7+ Kb6 39. Rxa7 Kxa7 40.
Kb4 Kb6 41. c3 1-0

[Event "Early-Titled-Tuesday-Blitz-January-16-2024"]
[Site "Chess.com"]
[Date "2024.01.16"]
[Round "2"]
[White "semchik73"]
[Black "KarolKacprzak"]
[Result "0-1"]
[WhiteElo "2392"]
[BlackElo "2740"]
[TimeControl "180+1"]
[EndTime "8:17:39 PST"]
[Termination "KarolKacprzak won by resignation"]

1. Nf3 c5 2. c4 g6 3. e3 Bg7 4. d4 cxd4 5. exd4 d5 6. Nc3 Nf6 7. c5 O-O 8. Be2 Nc6 9. O-O b6 10. cxb6 Qxb6 11. Na4 Qd8 12. Bf4 Bg4 13. Rc1 Rc8 14.
h3 Bxf3 15. Bxf3 Ne4 16. Bxe4 dxe4 17. d5 Nb4 18. Rxc8 Qxc8 19. Qb3 Nd3 20. Be3 Qc7 21.
Nc3 Rb8 22. Qa3 f5 23. Na4 Rb5 24. b3 Rxd5 25. Bg5 e6 26. f3 f4 27. Be7 e3 28. Rb1 e2 29. Kh2 e1=Q 30. Rxe1 Nxe1 31. Bb4 Nxf3+ 32. gxf3 Qc2+ 33. Kg1 Rd1+ 0-1

[Event "Early-Titled-Tuesday-Blitz-January-16-2024"]
[Site "Chess.com"]
[Date "2024.01.16"]
[Round "2"]
[White "forevery0ung"]
[Black "NMJeevanK"]
[Result "1-0"]
[WhiteElo "2828"]
[BlackElo "2561"]
[TimeControl "180+1"]
[EndTime "8:17:41 PST"]
[Termination "forevery0ung won by resignation"]

1. c4 g6 2. d4 Bg7 3. e4 d6 4. Nc3 e5 5. dxe5 dxe5 6. Be3 Nc6 7. Qxd8+ Nxd8 8. O-O-O c6 9. g3 Ne6 10. f4 Nf6 11. Be2 Bh6 12. Rf1 Nd4 13. Bd1 Be6 14.
b3 O-O-O 15. Nf3 Ng4 16. Bd2 f5 17. h3 Nf6 18. fxe5 Bxd2+ 19. Nxd2 Nxe4 20. Ndxe4 fxe4 21.
Nxe4 Bf5 22. Nd6+ Kc7 23. Nf7 Rhe8 24. Nxd8 Kxd8 25. Re1 Kc7 26. g4 Be6 27. Rhf1 b5 28. cxb5 cxb5 29. Kb2 Kb6 30. Rf6 a5 31. Bc2 a4 32.
Rd1 a3+ 33. Kb1 Kc5 34. b4+ Kd5 35. Rf4 1-0

[Event "Early-Titled-Tuesday-Blitz-January-16-2024"]
[Site "Chess.com"]
[Date "2024.01.16"]
[Round "2"]
[White "evgchess5"]
[Black "Juicy_Fork"]
[Result "1-0"]
[WhiteElo "2968"]
[BlackElo "2420"]
[TimeControl "180+1"]
[EndTime "8:17:41 PST"]
[Termination "evgchess5 won on time"]

1. e4 e5 2. Nf3 Nc6 3. Bc4 Nf6 4. d3 Bc5 5. c3 d6 6. O-O O-O 7. Bb3 h6 8. h3 a5 9. Re1 Be6 10. Ba4 Ba7 11. d4 Bd7 12. Bc2 Re8 13. Be3 exd4 14. Bxd4 Nxd4 15. cxd4 d5 16. e5 Ne4 17. Nc3 Nxc3 18.
bxc3 g6 19. Qd2 Kg7 20. Nh2 b5 21. f4 b4 22. Kh1 bxc3 23. Qxc3 Qh4 24. Rf1 Bb6 25.
Rad1 a4 26. f5 Qg5 27. Ng4 h5 28. Nf6 Red8 29. Nxd7 Rxd7 30. Qc6 Rad8 31. Bxa4 1-0

[Event "Early-Titled-Tuesday-Blitz-January-16-2024"]
[Site "Chess.com"]
[Date "2024.01.16"]
[Round "2"]
[White "LevonAronian"]
[Black "aa175"]
[Result "1/2-1/2"]
[WhiteElo "3112"]
[BlackElo "2674"]
[TimeControl "180+1"]
[EndTime "8:17:42 PST"]
[Termination "Game drawn by repetition"]

1. e4 e5 2. Bc4 Nf6 3. d3 c6 4.
Bb3 d5 5. exd5 cxd5 6. Ne2 Nc6 7.
O-O Be7 8. Bg5 h6 9. Bh4 O-O 10.
Nbc3 Be6 11. d4 e4 12. Nf4 g5 13. Nxe6 fxe6 14. Bg3 Bd6 15. Ne2 b5 16. c3 Kg7 17.
f3 exf3 18. Rxf3 Ne4 19. Bc2 Rxf3 20. gxf3 Nxg3 21. hxg3 Qf6 22. Qd3 Rh8 23. Rf1 Ne7 24. Qxb5 h5 25. Qd7 e5 26. f4 gxf4 27. gxf4 exf4 28. Nxf4 Bxf4 29. Rxf4 Qxf4 30. Qxe7+ Kh6 31. Qe6+ Kg5 32. Qxd5+ Kh4 33. Qh1+ Kg5 34. Qd5+ Kh4 35. Qh1+ Kg5 36. Qd5+ 1/2-1/2

[Event "Early-Titled-Tuesday-Blitz-January-16-2024"]
[Site "Chess.com"]
[Date "2024.01.16"]
[Round "2"]
[White "kai_nov"]
[Black "AsterPhoenix"]
[Result "0-1"]
[WhiteElo "2331"]
[BlackElo "2570"]
[TimeControl "180+1"]
[EndTime "8:17:42 PST"]
[Termination "AsterPhoenix won by checkmate"]

1. d4 Nf6 2. Nc3 d5 3. Bg5 c5 4. dxc5 d4 5. Bxf6 exf6 6. Ne4 Qd5 7. Ng3 Bxc5 8. e4 Qe6 9. Bb5+ Bd7 10. Bxd7+ Nxd7 11. N1e2 Bb4+ 12. c3 dxc3 13. bxc3 Bc5 14. O-O O-O 15. Qb3 Nb6 16. Nd4 Qc4 17. Ndf5 g6 18. Ne3 Bxe3 19. fxe3 Kg7 20. Rfd1 Rac8 21. Rac1 Qc5 22. c4 Rfd8 23. Rxd8 Rxd8 24. Ne2 Rd2 25. Nd4 Qg5 26. g3 Qh5 27. h4 Qg4 28. Rc2 Qxg3+ 29. Kf1 Qf2# 0-1

[Event "Early-Titled-Tuesday-Blitz-January-16-2024"]
[Site "Chess.com"]
[Date "2024.01.16"]
[Round "2"]
[White "GMFYHR1"]
[Black "lilylg"]
[Result "1-0"]
[WhiteElo "2465"]
[BlackElo "2100"]
[TimeControl "180+1"]
[EndTime "8:17:42 PST"]
[Termination "GMFYHR1 won on time"]

1. d4 d5 2. c4 e6 3. cxd5 exd5 4. Nc3 Nf6 5. Bg5 c6 6. Qc2 g6 7. e3 Bg7 8. Bd3 O-O 9. Nge2 Re8 10. O-O Nbd7 11. Bf4 Nf8 12. f3 Ne6 13. Be5 b6 14. e4 Bb7 15. Rad1 Rc8 16. Qa4 Re7 17. Bxf6 Bxf6 18.
e5 Bg7 19. f4 c5 20. Ba6 Bc6 21. Bb5 Bxb5 22. Nxb5 Qd7 23. Qa6 Nc7 24. Nxc7 Rxc7 25. Nc3 c4 26. Nb5 Rc6 27. Nd6 Rxd6 28. exd6 Qxd6 29.
Qc8+ Bf8 30. f5 Rc7 31. Qa8 Qd7 32. Qb8 Kg7 33. f6+ Kg8 34. Rde1 Qc8 35. Re8 Qxb8 36. Rxb8 c3 37. bxc3 1-0

[Event "Early-Titled-Tuesday-Blitz-January-16-2024"]
[Site "Chess.com"]
[Date "2024.01.16"]
[Round "2"]
[White "nickmatta"]
[Black "Witty_Alien"]
[Result "1-0"]
[WhiteElo "2577"]
[BlackElo "2338"]
[TimeControl "180+1"]
[EndTime "8:17:43 PST"]
[Termination "nickmatta won by resignation"]

1. Nf3 Nf6 2. g3 g6 3. b3 Bg7 4. Bb2 a5 5. Bg2 a4 6. O-O O-O 7. c4 d5 8. cxd5 Qxd5 9. Nc3 Qh5 10. Nxa4 Bh3 11. Rc1 Nc6 12. Rc5 Qh6 13. d3 Bxg2 14.
Kxg2 Bh8 15. Qc1 Qg7 16. g4 h6 17. h4 Qh7 18. Bxf6 exf6 19. Nc3 Ra5 20. Nd5 Rxa2 21. g5 hxg5 22. hxg5 Qh5 23. Qf4 fxg5 24. Nxg5 Be5 25. Ne7+ Kg7 26. Rxe5 Nxe5 27. Qxe5+ f6 28. Ne6+ Kf7 29.
Qxh5 gxh5 30. Nxf8 Kxe7 31. Ng6+ Kf7 32. Nf4 Rb2 33. Rc1 c6 34. Rc3 h4 35. Kh3 Ke7 36.
Kxh4 Kd6 37. d4 b5 38. Kg3 b4 39. Re3 f5 40. Re6+ Kd7 41. Re3 Kd6 42. Rd3 c5 43. dxc5+ Kxc5 44. e3 Rc2 45. Nd5 Rb2 46. Ne7 f4+ 47.
exf4 Rc2 48. Nd5 Kd6 49. Nxb4+ Ke6 50. Nxc2 Kf5 51. Ne3+ Ke4 52. f5 1-0

[Event "Early-Titled-Tuesday-Blitz-January-16-2024"]
[Site "Chess.com"]
[Date "2024.01.16"]
[Round "2"]
[White "vanyakuba"]
[Black "Flawless_Fighter"]
[Result "0-1"]
[WhiteElo "2305"]
[BlackElo "2713"]
[TimeControl "180+1"]
[EndTime "8:17:44 PST"]
[Termination "Flawless_Fighter won on time"]

1. e4 c5 2. c3 d5 3. exd5 Qxd5 4. d4 Nf6 5. Nf3 Nc6 6. Be3 Bg4 7. c4 Bxf3 8. cxd5 Bxd1 9. dxc6 Ba4 10. cxb7 Rb8 11. Nc3 Bc6 12. dxc5 Rxb7 13. O-O-O e6 14. Ba6 Rb8 15.
Bf4 Rb4 16. Bd6 Bxd6 17. Rxd6 Bxg2 18. Rg1 Rg4 19. Be2 Rg6 20. Bb5+ Ke7 21. Rgd1 Nd5 22. Rd7+ Kf6 23. Nxd5+ Bxd5 24. Rxa7 Rc8 25. b4 Rg2 26.
Rd2 Rxh2 27. Kb2 h5 28. Bd7 Rb8 29. a3 Rd8 30. Rc7 h4 31. c6 h3 0-1

[Event "Early-Titled-Tuesday-Blitz-January-16-2024"]
[Site "Chess.com"]
[Date "2024.01.16"]
[Round "2"]
[White "GiorgianBarbosa"]
[Black "Ducke13"]
[Result "1-0"]
[WhiteElo "2602"]
[BlackElo "2351"]
[TimeControl "180+1"]
[EndTime "8:17:44 PST"]
[Termination "GiorgianBarbosa won by checkmate"]

1. e4 c5 2. Nf3 d6 3. d4 cxd4 4. Nxd4 Nf6 5. Nc3 a6 6. Rg1 e5 7.
Nb3 h5 8. Be3 Be6 9. Qd2 Nbd7 10. f3 Rc8 11. O-O-O b5 12. Kb1 Qc7 13. Bd3 Be7 14.
h3 h4 15. f4 exf4 16. Bxf4 Ne5 17. Nd5 Bxd5 18. exd5 Nfd7 19. Bf5 g6 20. Bxe5 Nxe5 21. Bxc8 Qxc8 22. Rge1 Bf6 23. Nd4 Qc5 24. Nc6 O-O 25. Nxe5 Bxe5 26. Re4 Bf6 27. Rf1 Kg7 28. Ref4 Be5 29.
Rxh4 Rc8 30. Qh6+ Kg8 31. Qh7+ Kf8 32. Qxf7# 1-0

[Event "Early-Titled-Tuesday-Blitz-January-16-2024"]
[Site "Chess.com"]
[Date "2024.01.16"]
[Round "2"]
[White "GMKrikor"]
[Black "gabduschew"]
[Result "1-0"]
[WhiteElo "2754"]
[BlackElo "2439"]
[TimeControl "180+1"]
[EndTime "8:17:45 PST"]
[Termination "GMKrikor won by resignation"]

1. Nf3 Nc6 2. d4 d6 3. e4 Nf6 4. Nc3 Bg4 5. Be2 e6 6. h3 Bh5 7.
Be3 d5 8. e5 Nd7 9. O-O Be7 10.
Nd2 Bg6 11. f4 Nb4 12. Rc1 c5 13. Nf3 O-O 14. a3 Nc6 15. Qd2 Rc8 16. Rfd1 a6 17.
Kh2 cxd4 18. Nxd4 Nxd4 19. Bxd4 Qc7 20. Qe3 Bc5 21. Bd3 Bxd4 22. Qxd4 Qc5 23. Ne2 Qxd4 24.
Nxd4 Nc5 25. Bxg6 hxg6 26. g4 b5 27. c3 Rfd8 28. Kg2 f6 29. exf6 gxf6 30. Rc2 Kf7 31. Re2 Ne4 32. Nf3 a5 33. Rd4 Rc4 34. Rexe4 dxe4 35. Rxd8 exf3+ 36. Kxf3 b4 37. axb4 axb4 38. Rd7+ Ke8 39.
Rd4 1-0

[Event "Early-Titled-Tuesday-Blitz-January-16-2024"]
[Site "Chess.com"]
[Date "2024.01.16"]
[Round "2"]
[White "iturrizaga"]
[Black "hakanazeri2"]
[Result "1-0"]
[WhiteElo "3048"]
[BlackElo "2529"]
[TimeControl "180+1"]
[EndTime "8:17:47 PST"]
[Termination "iturrizaga won by resignation"]

1. c4 e6 2. Nf3 d5 3. e3 Nf6 4. b3 c6 5. Bb2 Bd6 6. d4 Nbd7 7. Bd3 a6 8. O-O b5 9. Nbd2 Bb7 10. e4 bxc4 11. bxc4 dxe4 12. Nxe4 Nxe4 13. Bxe4 Nf6 14. Bc2 O-O 15. Rb1 Rb8 16. Re1 c5 17.
d5 exd5 18. cxd5 Nxd5 19. Qd3 g6 20. Rbd1 Qb6 21. Bb3 Rbd8 22. Ng5 Qc7 23. Qh3 h5 24. Ne4 Be7 25. Rc1 f5 26. Qc3 Kf7 27. Qg7+ Ke8 28. Qxg6+ Kd7 29. Nxc5+ Qxc5 30. Qe6+ Kc7 31. Be5+ 1-0

[Event "Early-Titled-Tuesday-Blitz-January-16-2024"]
[Site "Chess.com"]
[Date "2024.01.16"]
[Round "2"]
[White "Brahianzevich"]
[Black "GalaxyRoman"]
[Result "0-1"]
[WhiteElo "2413"]
[BlackElo "2870"]
[TimeControl "180+1"]
[EndTime "8:17:48 PST"]
[Termination "GalaxyRoman won by resignation"]

1. e4 e5 2. Nf3 Nc6 3. Bb5 a6 4. Ba4 Nf6 5. O-O Be7 6. Re1 b5 7. Bb3 d6 8. c3 O-O 9. h3 Bb7 10. d4 Re8 11. Nbd2 Bf8 12. a4 h6 13. Bc2 exd4 14. cxd4 Nb4 15. Bb1 c5 16. d5 c4 17.
Nf1 Nd7 18. Ng3 Nc5 19. axb5 axb5 20. Rxa8 Bxa8 21. Nd4 Nbd3 22. Re3 Qf6 23. Nxb5 Qxf2+ 24. Kh2 Qf6 25. Nc7 Rc8 26. Nxa8 Rxa8 27. Bxd3 Nxd3 28. Rxd3 cxd3 29. Qxd3 g6 30. Bd2 Bg7 31. Bc3 Qf4 32. Bxg7 Kxg7 33. Qc3+ Qe5 34. Qb3 h5 35. h4 Qf4 36.
Kh3 Qg4+ 37. Kh2 Qxh4+ 38. Kg1 Ra1+ 39. Kf2 Qf4+ 40. Ke2 Qc1 41. Kf3 Qd1+ 42. Qxd1 Rxd1 43. Ne2 Rb1 44. Nd4 Rxb2 0-1

[Event "Early-Titled-Tuesday-Blitz-January-16-2024"]
[Site "Chess.com"]
[Date "2024.01.16"]
[Round "2"]
[White "Fandorine"]
[Black "JiaHaoxiang"]
[Result "1-0"]
[WhiteElo "2994"]
[BlackElo "2622"]
[TimeControl "180+1"]
[EndTime "8:17:50 PST"]
[Termination "Fandorine won by resignation"]

1. c4 Nf6 2. g3 g6 3. Bg2 Bg7 4. Nc3 O-O 5. d4 d6 6. Nf3 Nc6 7. O-O a6 8. Bf4 Rb8 9. Rc1 Bd7 10. d5 Na5 11. b3 c5 12. dxc6 Nxc6 13. c5 e5 14. Bg5 dxc5 15. Ne4 h6 16. Bxf6 Bxf6 17. Qxd7 Nd4 18. Nxd4 cxd4 19. Rc7 Bg7 20. Qxd8 Rfxd8 21. Nc5 b6 22. Nxa6 Rbc8 23. Rfc1 Rxc7 24. Rxc7 Bf8 25. h4 h5 26. Bc6 f5 27. Bb5 e4 28.
Rd7 Rxd7 29. Bxd7 Kg7 30. Nc7 Kf6 31. Nb5 Ke5 32. Kf1 Be7 33. Be8 g5 34. hxg5 Bxg5 35.
Bxh5 Kd5 36. Bg6 f4 37. gxf4 Bxf4 38. f3 Kc5 39. a4 exf3 40. exf3 Kb4 41. Nxd4 Kc3 42.
Ne2+ 1-0

[Event "Early-Titled-Tuesday-Blitz-January-16-2024"]
[Site "Chess.com"]
[Date "2024.01.16"]
[Round "2"]
[White "KNCP_719"]
[Black "Anton_Demchenko"]
[Result "0-1"]
[WhiteElo "2621"]
[BlackElo "2980"]
[TimeControl "180+1"]
[EndTime "8:17:52 PST"]
[Termination "Anton_Demchenko won by resignation"]

1. e4 e5 2. Nf3 Nc6 3. Bb5 a6 4. Ba4 Nge7 5. O-O Ng6 6. Re1 Be7 7. c3 d6 8. d4 Bd7 9. Be3 O-O 10. Nbd2 b5 11. Bb3 exd4 12. cxd4 Na5 13. h3 Nxb3 14. axb3 f5 15. exf5 Bxf5 16. d5 Bf6 17. Nd4 Bxd4 18. Bxd4 Nf4 19. Nf3 Bg6 20. Bc3 Rf5 21. Nd4 Qg5 22.
Qg4 Qxg4 23. hxg4 Rxd5 24. Re7 b4 25. Bd2 Rxd4 26. Be3 Nd5 27. Rxg7+ Kxg7 28. Bxd4+ Kf7 29. g3 c5 0-1

[Event "Early-Titled-Tuesday-Blitz-January-16-2024"]
[Site "Chess.com"]
[Date "2024.01.16"]
[Round "2"]
[White "HajiyevKanan"]
[Black "Maftuna2303"]
[Result "1-0"]
[WhiteElo "2564"]
[BlackElo "2328"]
[TimeControl "180+1"]
[EndTime "8:17:52 PST"]
[Termination "HajiyevKanan won by resignation"]

1. d4 Nf6 2. Nf3 e6 3. c4 b6 4. g3 Bb7 5. Bg2 c5 6. O-O Be7 7.
dxc5 bxc5 8. b3 O-O 9. Bb2 d5 10.
cxd5 exd5 11. Nc3 Nbd7 12. Rc1 Rc8 13. Na4 d4 14. Ba3 Qa5 15. Qd2 Qxd2 16. Nxd2 Bxg2 17. Kxg2 Nd5 18. Ne4 Nb4 19. Bxb4 cxb4 20. Rfd1 Rxc1 21. Rxc1 Nb6 22. Nxb6 axb6 23. Rc7 Re8 24. Rd7 Bc5 25. Kf3 f6 26. Rc7 Ra8 27. Nxc5 bxc5 28. Rxc5 Rxa2 29.
Rc4 Rb2 30. Rxb4 Kf7 31. Rb7+ Kg6 32. h4 h5 33. b4 Kf5 34. Rb5+ Ke6 35. Rb7 g6 36. b5 Kd5 37. b6 Rb3+ 38. Kg2 Ke6 39. Rb8 Kf7 40. b7 Kg7 41. Kf1 Rb1+ 42. Kg2 Rb3 43. Kg1 Rb1+ 44. Kh2 Rb3 45. Kg2 Kf7 46. Rh8 Kg7 47. b8=Q Rxb8 48. Rxb8 1-0

[Event "Early-Titled-Tuesday-Blitz-January-16-2024"]
[Site "Chess.com"]
[Date "2024.01.16"]
[Round "2"]
[White "CristianS27"]
[Black "lilleper1"]
[Result "0-1"]
[WhiteElo "2609"]
[BlackElo "2950"]
[TimeControl "180+1"]
[EndTime "8:17:53 PST"]
[Termination "lilleper1 won on time"]

1. e4 c5 2. Nf3 d6 3. d4 cxd4 4.
Nxd4 Nf6 5. Nc3 a6 6. Be3 e5 7. Nf3 Be7 8. Bc4 O-O 9. O-O Be6 10.
Bb3 Qc7 11. Qe2 Nbd7 12. Rfd1 Rfc8 13. Bg5 b5 14. a3 h6 15. Bxf6 Nxf6 16. Rac1 Bc4 17.
Qe1 Kf8 18. Nd5 Nxd5 19. Bxc4 bxc4 20. Rxd5 Rab8 21. Qc3 Qb7 22. Rb1 f5 23. Qe3 Qc6 24. c3 Kg8 25. h4 Bf6 26. h5 Rd8 27. Rbd1 fxe4 28. Qxe4 Rxb2 29. Rxe5 Qxe4 30. Rxe4 d5 31. Re6 Bxc3 32. Rxa6 Bf6 33. Rc6 c3 34. Kh2 d4 35.
Rxf6 gxf6 36. Nxd4 c2 0-1